 Dungeon Crawl Stone Soup version 0.30-a0-414-gcb316572d5 (webtiles) character file.

Game seed: 9427293083520214067

335 IdlyInterested the Trooper (level 6, -7/50 HPs)
             Began as a Demonspawn Wanderer on Dec 7, 2022.
             Mangled by Edmund
             ... wielding a +2 flail of holy wrath
              (11 damage)
             ... on level 4 of the Dungeon.
             The game lasted 00:11:54 (2646 turns).

IdlyInterested the Trooper (Demonspawn Wanderer)    Turns: 2646, Time: 00:11:55

Health: -7/50      AC:  1    Str: 12    XL:     6   Next: 28%
Magic:  6/6        EV:  8    Int: 10    God:
Gold:   146        SH:  0    Dex: 18    Spells: 5/5 levels left

rFire   . . .      SeeInvis .    r - +9 spear of Imumap {freeze, *Corrode rN+++ Stlth+}
rCold   . . .      Faith    .    (no shield)
rNeg    + + +      Spirit   .    u - +0 ring mail
rPois   .          Reflect  .    o - +0 helmet
rElec   .          Harm     .    (no cloak)
rCorr   +          Rampage  .    p - +0 pair of gloves
Will    .....                    (no boots)
Stlth   +++.......               (no amulet)
HPRegen 0.28/turn                k - ring of resist corrosion
MPRegen 0.20/turn                m - ring of flight

@: corroded, flying, constricted
A: icy blue scales 1, magic regeneration, weakness stinger 1
a: no special abilities


You were on level 4 of the Dungeon.
You visited 1 branch of the dungeon, and saw 4 of its levels.

You collected 146 gold pieces.

Inventory:

Hand Weapons
 a - a +2 short sword
 g - a +0 trident
 r - the +9 spear of Imumap (weapon) {freeze, *Corrode rN+++ Stlth+}
   (You found it on level 2 of the Dungeon)

   It freezes those it strikes, dealing additional cold damage.
   It can also slow down cold-blooded creatures.
   rN:        It renders you almost immune to negative energy.
   *Corrode:  It may corrode you when you take damage.
   Stlth:     It makes you more stealthy.
 y - a +3 vampiric spear
Missiles
 f - 38 stones (quivered)
 A - 8 poisoned darts
Armour
 e - a +0 leather armour
 o - a +0 helmet (worn)
 p - a +0 pair of gloves (worn)
 q - a +0 helmet
 t - a +0 scale mail
 u - a +0 ring mail (worn)
 B - a +0 helmet
 C - a +0 helmet
Jewellery
 h - a ring of ice
 k - a ring of resist corrosion (left hand)
 m - a ring of flight (right hand)
Wands
 c - a wand of polymorph (6)
 x - a wand of quicksilver (8)
Scrolls
 d - 2 scrolls of fear
 i - 3 scrolls of teleportation
Potions
 b - 3 potions of flight
 j - 2 potions of cancellation
 l - a potion of might {unknown}
 n - a potion of magic
 s - 2 potions of curing {unknown}
 v - a potion of lignification {unknown}
 w - 2 potions of mutation {unknown}
 z - a potion of heal wounds {unknown}


   Skills:
 * Level 4.8 Fighting
 - Level 3.6 Short Blades
 - Level 1.0 Ranged Weapons
 - Level 1.0 Throwing
 - Level 1.0 Armour
 - Level 2.0 Dodging
 * Level 3.4 Stealth
 - Level 1.0 Evocations


You had 5 spell levels left.
You didn't know any spells.
Your spell library was empty.

Dungeon Overview and Level Annotations

Branches:
Dungeon (4/15)
 Temple: D:4-7

Altars:

Annotations:
D:4 Edmund


Innate Abilities, Weirdness & Mutations

You are partially covered in icy blue scales. (AC +2)
You regenerate magic rapidly.
You have a small tail.


Message History

Found a book of Dreams.
The goblin hits you with a +0 dagger.
Edmund shouts!
You puncture the goblin! You freeze the goblin.
You kill the goblin!
You hit Edmund. You freeze Edmund.
Edmund is lightly wounded.
An orc comes into view. It is wielding a +0 short sword.
Edmund hits you but does no damage.
A ball python comes into view.
Edmund barely misses you.
The orc moves out of view.
The ball python hisses angrily.
You hit Edmund. You freeze Edmund.
Edmund is lightly wounded.
Edmund hits you with a +2 flail of holy wrath.
You convulse!
You puncture Edmund! You freeze Edmund.
Edmund is heavily wounded.
Edmund hits you with a +2 flail of holy wrath.
You convulse.
Your corrosive artefact corrodes you!
You puncture Edmund! You freeze Edmund.
Edmund is severely wounded.
The ball python bites you but does no damage.
The ball python barely misses you. Edmund completely misses you.
You puncture Edmund! You freeze Edmund. You tail-slap Edmund.
Edmund is almost dead.
The ball python bites you but does no damage.
The ball python misses you.
Edmund hits you with a +2 flail of holy wrath!
Your corrosive artefact corrodes you!
You convulse.
The ball python bites you.
* * * LOW HITPOINT WARNING * * *
The ball python closely misses you.
You hit Edmund but do no damage. You tail-slap Edmund, but do no damage.
Edmund is almost dead.
The ball python bites you.
* * * LOW HITPOINT WARNING * * *
The ball python grabs you. The ball python constricts you.
Edmund hits you with a +2 flail of holy wrath!
* * * LOW HITPOINT WARNING * * *
You convulse!
You die...

#.. ..o . #
#.#. ##. #.#.
#.. ... ...
####..##.# ..:.
#.....bS@##..#
#...)@....#
##.##.##..###.#
..........#
##.#####..#
#..# #..# #
##.# .#
###.###.#.
#.........#


You could see Edmund, an orc (wandering) and a ball python.

Vanquished Creatures
  Menkaure (D:4)
  Natasha (thrice) (D:3)
  6 adders
  An ufetubus (D:4)
  A worm (D:3)
  4 dart slugs
  5 ball pythons
  3 endoplasms
  7 giant cockroaches
  9 goblins
  6 hobgoblins
  2 jackals (D:2)
  6 kobolds
  A quokka (D:3)
  3 bats
  6 frilled lizards
  9 rats
73 creatures vanquished.

Notes
Turn   | Place    | Note
-------+----------+-------------------------------------------
     0 | D:1      | IdlyInterested the Demonspawn Wanderer began the quest for
                  | the Orb.
     0 | D:1      | IdlyInterested set off with the following items: a +2 short
                  | sword, a +0 sling, a wand of polymorph (6), a scroll of
                  | fear, a +0 leather armour.
     0 | D:1      | Reached XP level 1. HP: 15/15 MP: 1/1
    97 | D:1      | Reached skill level 1 in Armour
    97 | D:1      | Gained mutation: You are partially covered in icy blue
                  | scales. (AC +2) [demonic ancestry]
    97 | D:1      | Reached XP level 2. HP: 18/21 MP: 2/2
   218 | D:1      | Reached skill level 2 in Fighting
   713 | D:2      | Reached XP level 3. HP: 19/27 MP: 3/3
  1232 | D:2      | Identified the +9 spear of Imumap {freeze, *Corrode rN+++
                  | Stlth+}
  1281 | D:2      | Found a faded altar of an unknown god.
  1505 | D:2      | Gained mutation: You have a small tail. [demonic ancestry]
  1505 | D:2      | Reached XP level 4. HP: 34/34 MP: 4/4
  1531 | D:2      | Reached skill level 3 in Fighting
  1758 | D:3      | Noticed Natasha
  1767 | D:3      | Killed Natasha
  1786 | D:3      | Noticed Natasha
  1793 | D:3      | Killed Natasha
  1794 | D:3      | Reached XP level 5. HP: 38/42 MP: 5/5
  1908 | D:3      | Noticed Natasha
  1912 | D:3      | Killed Natasha
  1913 | D:3      | Reached skill level 4 in Fighting
  2509 | D:4      | Noticed Menkaure
  2516 | D:4      | Killed Menkaure
  2517 | D:4      | Gained mutation: You regenerate magic rapidly. [demonic
                  | ancestry]
  2517 | D:4      | Reached XP level 6. HP: 21/49 MP: 6/6
  2637 | D:4      | Noticed Edmund
  2646 | D:4      | Mangled by Edmund

Illustrated notes

Levels and vault maps discovered:
D:1:      dpeg_arrival_rhombi, layout_basic, minivault_27, minmay_pentomino_z4
D:2:      layout_basic, shapermc_ecumenical_altar_notcrosses,
          minmay_worlds_worst_comb
D:3:      layout_basic, amcnicky_mini_rare_corridor_liquid,
          kennysheep_generic_room_11, uniq_natasha
D:4:      layout_loops_ring, chequers_temple_overflow_statue_of_worship,
          minmay_temple_entry_butterflies, gup_sewer_entry_bubbles,
          nicolae_take_the_stairs, uniq_menkaure, uniq_edmund

Skill      XL: |  1  2  3  4  5 |
---------------+----------------+-----
Armour         | 1 |  1.0
Fighting       | 2 3 4 |  4.8
Dodging        | 2 |  2.0
Stealth        | 2 3 |  3.4
Short Blades   | |  3.6
Ranged Weapons | |  1.0
Throwing       | |  1.0
Evocations     | |  1.0

Action                   |  1- 3 |  4- 6 || total
-------------------------+-------+-------++-------
Melee: Short sword       |    90 |       ||    90
       Spear             |     2 |    73 ||    75
       Tailslap          |       |     6 ||     6
Throw: Stone             |     3 |     2 ||     5
  Use: Scroll            |     5 |     3 ||     8
       Potion            |     1 |       ||     1
 Stab: Sleeping          |     2 |     3 ||     5
       Distracted        |       |     1 ||     1
Armor: Leather armour    |    29 |       ||    29
       Ring mail         |       |    20 ||    20
Dodge: Dodged            |    39 |    41 ||    80

Table legend: (Time is in decaauts)
 A = Elapsed time spent in this place.
 B = Non-inter-level travel time spent in this place.
 C = Inter-level travel time spent in this place.
 D = Time resting spent in this place.
 E = Time spent auto-exploring this place.
 F = Levels seen in this place.
 G = Mean time per level.
                   A        B        C        D        E       F      G
               +--------+--------+--------+--------+--------+-----+--------+
         Total |   2642 |   2334 |    308 |    148 |   1384 |   4 |  660.5 |
       Dungeon |   2642 |   2334 |    308 |    148 |   1384 |   4 |  660.5 |
               +--------+--------+--------+--------+--------+-----+--------+

Top non-repeatable levels by time:
     D:2: 864 daAuts
     D:1: 827 daAuts
     D:3: 783 daAuts
     D:4: 167 daAuts
